 Dungeon Crawl Stone Soup version 0.20.0-14-g326068f (webtiles) character file.

34 grindst0ne the Skirmisher (level 3, 0/24 HPs)
             Began as a Gargoyle Berserker on June 8, 2017.
             Was a Believer of Trog.
             Slain by Robin
             ... wielding a +8 club
              (5 damage)
             ... on level 2 of the Dungeon.
             The game lasted 00:01:23 (974 turns).

grindst0ne the Skirmisher (Gargoyle Berserker)       Turns: 974, Time: 00:01:24

Health: 0/24       AC: 11    Str: 20    XL:     3   Next: 31%
Magic:  3/3        EV:  8    Int:  7    God:    Trog [**....]
Gold:   53         SH:  0    Dex: 10    Spells: 2/2 levels left

rFire    . . .     SeeInvis .   a - +0 hand axe
rCold    . . .     Gourm    .   (no shield)
rNeg     + . .     Faith    .   e - -2 chain mail (curse)
rPois    ∞         Spirit   .   (no helmet)
rElec    +         Reflect  .   (no cloak)
rCorr    .         Harm     .   o - +0 pair of gloves
MR       .....                  (no boots)
Stlth    ..........             (no amulet)
Regen    0.1/turn               (no ring)
MPRegen  0.1/turn               (no ring)

@: no status effects
A: negative energy resistance 1, electricity resistance, unbreathing,
petrification resistance, rot immunity, AC +3
a: Berserk, Trog's Hand, Burn Spellbooks, Renounce Religion


You were on level 2 of the Dungeon.
You worshipped Trog.
Trog was pleased with you.
You were not hungry.

You visited 1 branch of the dungeon, and saw 2 of its levels.

You collected 53 gold pieces.

Inventory:

Hand Weapons
 a - a +0 hand axe (weapon)
Armour
 b - a +0 animal skin
 e - a cursed -2 chain mail (worn)
 o - a +0 pair of gloves (worn)
 q - a +0 chain mail
Jewellery
 i - an uncursed ring of poison resistance {unknown}
Scrolls
 d - a scroll of blinking {unknown}
 f - a scroll of recharging {unknown}
 g - 2 scrolls of teleportation {unknown}
 h - a scroll of identify {unknown}
 k - a scroll of magic mapping {unknown}
 n - a scroll of remove curse {unknown}
Potions
 j - a potion of mutation {unknown}
 m - a potion of brilliance {unknown}
Comestibles
 c - a bread ration
 l - a royal jelly
 p - 5 chunks of flesh


   Skills:
 + Level 4.1 Fighting
 + Level 3.3 Axes
 - Level 2.1 Armour
 - Level 1.5 Dodging


You had 2 spell levels left.
You didn't know any spells.

Dungeon Overview and Level Annotations

Branches:
Dungeon (2/15)

Altars:

Annotations:
D:2 Robin


Innate Abilities, Weirdness & Mutations

You are resistant to torment.
Your stone body is resilient. (AC +3)
You are immune to poison.
You resist negative energy. (rN+)
You are resistant to electric shocks. (rElec)
You can survive without breathing.
You are immune to petrification.
You are immune to rotting.


Message History

Robin is severely wounded.
You hit the hobgoblin.
You kill the hobgoblin!
Trog accepts your kill.
You completely miss the goblin. You hit the goblin.
You kill the goblin!
Trog accepts your kill. Robin hits you with an enchanted club.
The goblin hits you with a club. Robin hits you with an enchanted club!
* * * LOW HITPOINT WARNING * * *
You hit Robin.
Robin is almost dead.
You closely miss the goblin. The goblin hits you with a club.
* * * LOW HITPOINT WARNING * * *
Robin barely misses you.
You closely miss Robin.
Robin is almost dead.
You closely miss the goblin. The goblin closely misses you.
Robin hits you with an enchanted club.
You die...

### ### #.. ..#
#.#######.#
#.#.....#.#
########.#.###.#.#
..g.$........#.#.#
....####)#.#.#.#.#
g.......g@...#.#.#
###.####))g...<#)#
..............).#
#.#..#.#.....###
#........)...#
.....#...)...#
#########.#...#...#
................#.#
#.......####.#<#.#


You could see Robin and a goblin.

Vanquished Creatures
  A leopard gecko (D:1)
  13 goblins
  7 hobgoblins
  A quokka (D:2)
  2 bats
  A frilled lizard (D:1)
  3 rats
28 creatures vanquished.

Notes
Turn   | Place    | Note
-------+----------+-------------------------------------------
     0 | D:1      | grindst0ne the Gargoyle Berserker began the quest for the Orb.
     0 | D:1      | Reached XP level 1. HP: 14/14 MP: 1/1
   399 | D:1      | Reached XP level 2. HP: 16/19 MP: 2/2
   893 | D:2      | Reached skill level 4 in Fighting
   951 | D:2      | Reached XP level 3. HP: 24/24 MP: 3/3
   959 | D:2      | Noticed Robin
   970 | D:2      | Reached ** piety under Trog
   974 | D:2      | Slain by Robin

Skill      XL: |  1  2 |
---------------+-------+-----
Axes           | 3 |  3.3
Fighting       | 4 |  4.1
Armour         | |  2.1
Dodging        | |  1.5

Action                   || total
-------------------------++-------
Melee: Hand axe          ||    89
Armor: Chain mail        ||    52
Dodge: Dodged            ||    50
